 Dungeon Crawl Stone Soup version 0.24.0-13-gcf9b319 (webtiles) character file.

Game seed: 14854873741813379209, levelgen mode: deterministic

53 Fang the Skirmisher (level 3, -6/36 HPs)
             Began as a Gargoyle Berserker on Nov 18, 2019.
             Was a Believer of Trog.
             Mangled by a worm (7 damage)
             ... on level 2 of the Dungeon.
             The game lasted 00:02:45 (736 turns).

Fang the Skirmisher (Gargoyle Berserker)             Turns: 736, Time: 00:02:46

Health: -6/36      AC:  5    Str: 26    XL:     3   Next: 89%
Magic:  3/3        EV: 12    Int:  7    God:    Trog [**....]
Gold:   89         SH:  0    Dex:  9    Spells: 2/2 levels left

rFire    . . .     SeeInvis .   a - +0 hand axe
rCold    . . .     Gourm    .   (no shield)
rNeg     + . .     Faith    .   b - +0 animal skin
rPois    ∞         Spirit   .   (no helmet)
rElec    +         Reflect  .   (no cloak)
rCorr    .         Harm     .   (no gloves)
MR       .....                  (no boots)
Stlth    ..........             (no amulet)
HPRegen  0.12/turn              (no ring)
MPRegen  0.08/turn              (no ring)

@: berserking, very quick
A: negative energy resistance 1, electricity resistance, unbreathing,
petrification resistance, rot immunity, AC +3
a: Berserk, Trog's Hand, Renounce Religion


You were on level 2 of the Dungeon.
You worshipped Trog.
Trog was pleased with you.
You were not hungry.

You visited 1 branch of the dungeon, and saw 2 of its levels.

You collected 89 gold pieces.

Inventory:

Hand Weapons
 a - a +0 hand axe (weapon)
Armour
 b - a +0 animal skin (worn)
Scrolls
 g - a scroll of enchant armour {unknown}
 h - a scroll of remove curse {unknown}
 i - a scroll of amnesia {unknown}
 k - a scroll of teleportation {unknown}
 l - a scroll of magic mapping {unknown}
 n - a scroll of blinking {unknown}
 o - a scroll of identify {unknown}
Potions
 d - 4 potions of curing {unknown}
 e - a potion of lignification {unknown}
 j - a potion of agility {unknown}
 m - a potion of might {unknown}
Comestibles
 c - 5 rations
 f - 10 chunks of flesh


   Skills:
 + Level 3.8 Fighting
 + Level 3.1 Axes
 + Level 2.9 Armour
 + Level 2.1 Dodging


You had 2 spell levels left.
You didn't know any spells.
Your spell library was empty.

Dungeon Overview and Level Annotations

Branches:
Dungeon (2/15)

Altars:


Innate Abilities, Weirdness & Mutations

You are resistant to torment.
Your stone body is resilient. (AC +3)
You are immune to poison.
You resist negative energy. (rN+)
You are resistant to electric shocks. (rElec)
You can survive without breathing.
You are immune to petrification.
You are immune to rotting.


Message History

You barely miss the worm.
The worm is moderately wounded.
You closely miss the adder. The worm bites you.
* * * LOW HITPOINT WARNING * * *
The adder misses you.
You barely miss the worm.
The worm is moderately wounded.
You closely miss the adder. You barely miss the worm.
The worm is moderately wounded.
You slash the adder!
You kill the adder!
Trog accepts your kill. The worm bites you but does no damage.
You slash the worm!
The worm is severely wounded.
You hit the worm but do no damage.
The worm is severely wounded.
The worm bites you!
You die...

# #.........#.#
# #.......#.#.#
#
####.......#...#
#........####..#
#........# #..#
###........#
##.#
...........# #>#
.....#####.# #.#
.....# #.# #@#
.....#
#......w†.....#
######
#####.........#
#.........#
#.....?...#
###########


You could see a worm.

Vanquished Creatures
  2 adders (D:2)
  2 leopard geckos
  4 giant cockroaches
  4 hobgoblins (D:1)
  3 jackals (D:1)
  A quokka (D:2)
  A ball python (D:2)
  5 bats
  A frilled lizard (D:2)
  2 goblins (D:2)
  3 kobolds (D:1)
  5 rats
33 creatures vanquished.

Notes
Turn   | Place    | Note
-------+----------+-------------------------------------------
     0 | D:1      | Fang the Gargoyle Berserker began the quest for the Orb.
     0 | D:1      | Reached XP level 1. HP: 14/14 MP: 1/1
    48 | D:1      | Reached XP level 2. HP: 14/19 MP: 2/2
   520 | D:2      | Reached XP level 3. HP: 22/23 MP: 3/3
   611 | D:2      | Reached ** piety under Trog
   732 | D:2      | HP: 1/36 [worm (3)]
   736 | D:2      | Mangled by a worm

Levels and vault maps discovered:
D:1:      erik_arrival_blinker_ship, layout_basic
D:2:      layout_basic

Skill      XL: |  1  2  3 |
---------------+----------+-----
Axes           | 3 |  3.1
Dodging        | 2 |  2.1
Fighting       | |  3.8
Armour         | |  2.9

Action                   || total
-------------------------++-------
Melee: Hand axe          ||   122
Invok: Berserk           ||     1
 Stab: Sleeping          ||     1
Armor: Animal skin       ||    49
Dodge: Dodged            ||    94
